QQQQQ, chaotic female elven Wizard #### $ ###### #### h g ## ##### ######3 x ## ####### ##### I xx V mAS @ #########D ####H `AAAx ` D #### ## #### A@ T JH D D #### ## 3 HDD S & ####### ## ###%## D J L #### ## # q##3# q % ## ########DHh T # #### ###### 23 D m # # ##### ####### D # ####### ###1### T # ######## ######%# #######A## ##1##### # ########## ######## & # ################ # ###### ##### # ## ###J ### QQQQQ the Necromancer Experience level: 23 Strength: 18 Dexterity: 13 Constitution: 14 Intelligence: 20 Wisdom: 19 Charisma: 9 Health: 0(166) Energy: 19(343) Def: 5 Gold: 0 Moves: 43360 Dungeon seed: ELhOzo6XR9AkTsVW Game ID: QQQQQ_1498784311 Your Inventory: Amulets u - an uncursed greased amulet of reflection x - the blessed greased Eye of the Aethiopica Weapons y - the blessed fireproof +6 Magicbane (weapon in hands) Armor n - an uncursed greased fireproof +0 pair of speed boots (being worn) q - a blessed greased fireproof +3 cornuthaum (being worn) W - a blessed +0 pair of leather gloves of stealth (being worn) Comestibles b - 7 uncursed lumps of royal jelly Rings k - an uncursed ring of conflict E - an uncursed ring of levitation (on left hand) K - a blessed ring of free action V - an uncursed ring of regeneration (on right hand) X - an uncursed ring of slow digestion Wands C - an uncursed wand of enlightenment (0:8) Q - an uncursed wand of cancellation (0:3) Z - an uncursed wand of digging (0:1) Tools f - a blessed bag of holding h - an uncursed blindfold m - the uncursed greased Master Key of Thievery o - an uncursed +0 unicorn horn s - a blessed stethoscope z - the uncursed greased Bell of Opening (0:1) O - an uncursed mirror R - an uncursed expensive camera (0:50) Gems N - an uncursed luckstone named The Heart of Ehriman Contents of the bag of holding: 28618 gold pieces a blessed +1 cloak of magic resistance a blessed greased +0 helmet of searching a blessed +1 mummy wrapping an uncursed +0 pair of jumping boots an uncursed +0 pair of water walking boots 8 uncursed C-rations 4 uncursed K-rations an uncursed food ration 2 uncursed lembas wafers an uncursed lizard corpse 2 uncursed lizard corpses an uncursed lizard corpse an uncursed lizard corpse 2 uncursed lizard corpses 2 uncursed lizard corpses 2 uncursed lizard corpses 2 uncursed lizard corpses an uncursed lizard corpse an uncursed lizard corpse 3 uncursed slime molds an uncursed scroll of blank paper 3 uncursed scrolls of create monster a blessed scroll of enchant weapon an uncursed scroll of identify an uncursed scroll of magic mapping an uncursed spellbook of charging an uncursed spellbook of clairvoyance an uncursed spellbook of cone of cold a blessed spellbook of cure sickness an uncursed spellbook of detect monsters an uncursed spellbook of detect treasure a blessed spellbook of dig an uncursed spellbook of extra healing a blessed spellbook of finger of death an uncursed spellbook of fireball an uncursed spellbook of magic mapping a blessed spellbook of remove curse an uncursed +1 ring of increase accuracy an uncursed ring of polymorph control an uncursed ring of sustain ability an uncursed wand of fire (0:4) an uncursed wand of lightning (0:6) an uncursed wand of opening (0:7) an uncursed wand of polymorph (0:5) a blessed wand of polymorph (2:0) an uncursed wand of probing (0:6) an uncursed wand of speed monster (0:5) an uncursed wand of undead turning (0:6) an uncursed can of grease (0:4) an uncursed horn of plenty (0:15) a blessed magic marker (1:21) an uncursed sack 4 uncursed tallow candles (0:200) an uncursed tin opener an uncursed tin whistle a blessed tinning kit (0:46) Contents of the sack: 1175 gold pieces an uncursed amulet of ESP the uncursed fireproof +0 Sting a blessed +2 quarterstaff an uncursed +0 silver saber an uncursed +0 worm tooth a blessed scroll of earth a blessed scroll of teleportation 4 uncursed scrolls of teleportation an uncursed ring of slow digestion an uncursed wand of light (0:10) an uncursed wand of lightning (0:6) an uncursed wand of polymorph (0:4) an uncursed wand of secret door detection (1:0) an uncursed wand of sleep (0:2) an uncursed wand of speed monster (0:5) an uncursed wand of teleportation (0:7) an uncursed wand of teleportation (0:6) a cursed wand of teleportation (0:5) Spells and supernatural/magical abilities: Name Level Category Fail Memory a - force bolt 1 attack 0% 75% c - cause fear 3 enchantment 0% 75% d - dig 2 matter 0% 74% e - charm monster 3 enchantment 0% 75% f - fireball 4 attack 0% 75% g - charging 7 enchantment 22% 74% h - healing 1 healing 0% 75% i - invisibility 4 escape 22% 67% k - knock 1 matter 0% 75% l - light 1 divination 0% 75% m - magic missile 2 attack 0% 75% n - detect monsters 1 divination 0% 74% o - cone of cold 4 attack 0% 74% r - remove curse 3 clerical 0% 75% s - slow monster 2 enchantment 0% 75% t - teleport away 5 escape 62% 75% u - confuse monster 2 enchantment 0% 75% v - clairvoyance 3 divination 0% 74% w - wizard lock 2 matter 0% 34% x - extra healing 3 healing 0% 75% z - sleep 1 enchantment 0% 75% A - create familiar 3 clerical 0% 75% B - cure blindness 2 healing 0% 75% F - finger of death 7 attack 0% 75% G - detect treasure 4 divination 0% 90% I - identify 2 divination 0% 75% K - cure sickness 3 healing 0% 74% L - levitation 4* escape 22% 0% M - magic mapping 5 divination 0% 86% O - create monster 2 clerical 0% 75% P - polymorph 7 matter 0% 75% U - detect unseen 3* divination 0% 0% V - teleportitis -- ability ? -- W - pray for help -- divine ? -- Your skills at the end: Fighting Skills wands [Skilled] Weapon Skills quarterstaff [Expert] Spellcasting Skills attack spells [Expert] healing spells [Skilled] divination spells [Expert] enchantment spells [Skilled] clerical spells [Skilled] matter spells [Expert] Final Attributes: You were the Glory of Arioch. You had strayed. You were fire resistant. You were cold resistant. You were sleep resistant. You were disintegration-resistant. You were shock resistant. You were poison resistant. You were magic-protected. You were stunned. You were blinded. You saw invisible. You were telepathic. You were warned. You were clairvoyant. You had infravision. You were invisible to others. You were stealthy. You could teleport. You had teleport control. You were levitating. You regenerated. You were very fast. You were extremely lucky. You had extra luck. Bad luck did not time out for you. Good luck did not time out for you. You are dead (3rd time!). Vanquished creatures: Asmodeus Orcus Yeenoghu Juiblex The Wizard of Yendor (12 times) a high priest 3 mastodons Medusa 6 krakens 3 iron golems 2 master liches a storm giant a titan a glass golem 2 balrogs 6 purple worms 2 gray dragons 4 red dragons 4 white dragons an orange dragon a black dragon a blue dragon a green dragon a yellow dragon 22 minotaurs 5 jabberwocks The Dark One 6 baluchitheria 3 demiliches Vlad the Impaler 8 stone golems 4 master mind flayers 10 Olog-hai 4 Nazgul 6 pit fiends 2 sandestins a hell hound 2 titanotheres 2 trappers a baby red dragon a baby yellow dragon 3 disenchanters 26 vampire lords 6 shades 5 skeletons a shopkeeper 9 aligned priests 2 captains 9 liches 5 clay golems 3 nurses 5 ice devils 3 nalfeshnees 3 lurkers above 3 frost giants 5 ettins 2 black puddings 24 vampires 36 ghosts 3 lieutenants 2 watch captains 2 queen bees 2 winged gargoyles 5 mind flayers 11 giant mimics 7 zruties 6 fire giants 5 ogre kings 6 ice trolls 11 rock trolls 4 umber hulks 5 flesh golems an Elvenking 2 doppelgangers 10 hezrous 22 bone devils 13 large mimics 2 fire vortices 2 baby long worms a baby purple worm 6 long worms 3 couatls 10 stalkers 11 air elementals 4 fire elementals 13 earth elementals 3 water elementals 2 hill giants 2 giant mummies 2 black nagas 13 xorns 18 giant zombies 5 elf-lords 12 sergeants 4 barbed devils 11 vrocks 5 wargs a winter wolf 5 hell hound pups 15 small mimics 5 glass piercers 8 warhorses 5 steam vortices 7 xans 2 ettin mummies an ogre lord 10 quantum mechanics 16 trolls a sasquatch a wood golem an erinys 14 mariliths 3 sharks 3 electric eels 8 gelatinous cubes 3 pyrolisks 3 large dogs 7 freezing spheres 9 flaming spheres 5 shocking spheres 8 large cats 4 tigers 10 gargoyles 5 dwarf kings 16 tengu 7 ochre jellies 6 leocrottas 3 energy vortices 7 mountain centaurs 14 stone giants 9 elf mummies 4 human mummies 2 red nagas 4 green slimes 3 pit vipers 4 pythons 2 cobras 55 wraiths 4 carnivorous apes 24 ettin zombies 2 leather golems 3 Grey-elves 46 soldiers 2 watchmen 3 horned devils 4 succubi 13 incubi 8 chameleons 5 crocodiles 12 giant beetles 4 quivering blobs 13 cockatrices 14 wolves 6 winter wolf cubs 7 lynxes 7 panthers 18 gremlins 2 spotted jellies 65 leprechauns 3 orc-captains 8 iron piercers a mumak 12 giant spiders 9 scorpions 6 horses 4 ice vortices 9 black lights 65 vampire bats 5 forest centaurs 2 gnome kings 5 orc mummies 3 dwarf mummies 8 brown puddings 10 rust monsters 12 owlbears 8 yetis 5 gold golems 4 werewolves 2 Green-elves 9 piranhas 9 giant eels 23 lizards 4 apprentices 2 chickatrices a dog 2 dingos a housecat a jaguar 4 dwarf lords 6 blue jellies 4 white unicorns 2 gray unicorns 3 black unicorns 4 dust vortices 7 ravens 17 plains centaurs 6 gnome mummies 8 snakes 12 apes 47 human zombies 5 rope golems 4 Woodland-elves 22 soldier ants 6 fire ants 38 bugbears 8 imps 2 lemures 5 quasits 3 wood nymphs 6 water nymphs 8 mountain nymphs 14 Mordor orcs 2 orc shamans 9 rock piercers 5 rock moles 5 ponies 7 fog clouds 10 yellow lights 2 shriekers 8 violet fungi 29 gnome lords 7 gnomish wizards 5 kobold mummies a black naga hatchling 2 guardian naga hatchlings 7 gray oozes 5 barrow wights 22 elf zombies 16 ghouls 7 paper golems 3 jellyfish 2 baby crocodiles 21 giant ants 8 little dogs 18 floating eyes 4 kittens 24 dwarves 9 homunculi 6 kobold lords 7 kobold shamans 13 hill orcs 10 rothes 4 rabid rats 3 centipedes 10 giant bats 3 monkeys 34 orc zombies 27 dwarf zombies 10 iguanas 83 killer bees 10 acid blobs 8 coyotes 5 gas spores 4 hobbits 10 manes 8 large kobolds 22 hobgoblins 18 giant rats 11 cave spiders a brown mold 5 yellow molds 4 green molds 2 red molds 65 gnomes 19 garter snakes 21 gnome zombies 10 geckos 19 jackals 5 foxes 8 kobolds 11 goblins 10 sewer rats 19 grid bugs 5 bats 10 lichens 14 kobold zombies 15 newts 2352 creatures vanquished. Genocided species: master liches arch-liches 2 species genocided. Voluntary challenges: You used a wielded weapon 1936 times, starting on turn 455. You read items or engraved 1197 times, starting on turn 462. You genocided 2 types of monsters, starting on turn 24275. You polymorphed 26 items, starting on turn 33136. You changed form 1 time, starting on turn 20064. You used 9 wishes, starting on turn 25705. You wished for your your first artifact on turn 28257. You never split a pudding. You wrote Elbereth's name 14 times, starting on turn 8616. You violated your moral code, losing 2436 points of alignment, starting on turn 1531. Dungeon overview: The Dungeons of Doom: levels 1 to 25 Level 1 stairs to The Elemental Planes Level 2 Level 3 a general store, a fountain Level 4 a fountain stairs to The Gnomish Mines Level 5 many fountains Level 6 stairs to Sokoban Level 7 an altar to Thoth, a fountain Level 8 a general store Level 9 a fountain, a throne Level 10 a fountain Level 11 a fountain Level 12 portal to The Quest Level 13 some fountains Level 14 Level 15 an altar to Anhur, a throne Level 16 Level 17 Level 18 a throne Level 19 a fountain Level 20 a fountain Level 21 Level 22 Level 23 Level 24 Level 25 a fountain, a throne Gehennom: levels 26 to 45 Level 26 a temple to Moloch stairs to The Dungeons of Doom Level 27 Level 28 Level 29 Level 30 Level 31 a fountain Level 32 Level 33 Level 34 Level 35 stairs to Vlad's Tower Level 36 Level 37 some shops, an altar to Moloch Level 38 Level 39 Level 40 portal to Gehennom Level 41 portal to Gehennom Level 42 Level 43 Level 44 Level 45 The Gnomish Mines: levels 5 to 13 Level 5 stairs to The Dungeons of Doom Level 6 Level 7 many shops, a temple to Anhur, some fountains, some trees Level 8 Level 9 Level 10 Level 11 Level 12 Level 13 some fountains The Quest: levels 1 to 6 Level 1 a throne portal to The Dungeons of Doom Level 2 Level 3 Level 4 Level 5 Level 6 a temple to Ptah Sokoban: levels 2 to 5 Level 2 Level 3 Level 4 Level 5 stairs to The Dungeons of Doom Vlad's Tower: levels 32 to 34 Level 32 a throne Level 33 Level 34 stairs to Gehennom The Elemental Planes: Plane 2 <- You were here Plane 1 portal to The Elemental Planes History has recorded: On T:1 you entered the Dungeons of Doom to retrieve the Amulet of Yendor! On T:222 you reached level 2 of The Dungeons of Doom. On T:337 you advanced to experience level 2. On T:459 you reached level 3 of The Dungeons of Doom. On T:633 you advanced to experience level 3. On T:671 you reached level 4 of The Dungeons of Doom. On T:843 you advanced to experience level 4. On T:934 you reached level 1 of The Gnomish Mines. On T:1004 you advanced to experience level 5. On T:1131 you reached level 2 of The Gnomish Mines. On T:1208 you advanced to experience level 6. On T:1276 you reached level 3 of The Gnomish Mines. On T:1753 you advanced to experience level 7. On T:2248 you advanced to experience level 8. On T:2456 you reached level 4 of The Gnomish Mines. On T:3103 you reached level 5 of The Gnomish Mines. On T:3504 you reached level 6 of The Gnomish Mines. On T:3797 you advanced to experience level 9. On T:3870 you reached level 7 of The Gnomish Mines. On T:4144 you reached level 8 of The Gnomish Mines. On T:4415 you reached level 9 of The Gnomish Mines. On T:5460 you received Magicbane from Anhur. On T:6001 you advanced to experience level 10. On T:7580 you reached level 5 of The Dungeons of Doom. On T:7784 you reached level 6 of The Dungeons of Doom. On T:8006 you reached level 4 of Sokoban. On T:8566 you reached level 3 of Sokoban. On T:8988 you reached level 2 of Sokoban. On T:9230 you reached level 1 of Sokoban. On T:10146 you reached level 7 of The Dungeons of Doom. On T:11277 you reached level 8 of The Dungeons of Doom. On T:11567 you reached level 9 of The Dungeons of Doom. On T:11745 you advanced to experience level 11. On T:12069 you reached level 10 of The Dungeons of Doom. On T:12346 you reached level 11 of The Dungeons of Doom. On T:12808 you reached level 12 of The Dungeons of Doom. On T:14816 you received Sting from Anhur. On T:15429 you were chosen to steal souls for your god's glory! On T:15771 you advanced to experience level 12. On T:17532 you reached level 13 of The Dungeons of Doom. On T:17533 you reached level 14 of The Dungeons of Doom. On T:17809 you advanced to experience level 13. On T:18407 you reached level 15 of The Dungeons of Doom. On T:18807 you reached level 16 of The Dungeons of Doom. On T:19167 you reached level 17 of The Dungeons of Doom. On T:19655 you reached level 18 of The Dungeons of Doom. On T:19875 you reached level 19 of The Dungeons of Doom. On T:20096 you reached level 20 of The Dungeons of Doom. On T:20133 you advanced to experience level 14. On T:21994 you reached level 1 of The Quest. On T:22167 you embarked upon an epic quest. On T:22190 you reached level 2 of The Quest. On T:22315 you reached level 3 of The Quest. On T:22871 you reached level 4 of The Quest. On T:23125 you reached level 5 of The Quest. On T:23379 you reached level 6 of The Quest. On T:23574 you advanced to experience level 15. On T:23631 you killed Dark One on level 6 of The Quest. On T:23805 you completed the quest! On T:24653 you reached level 21 of The Dungeons of Doom. On T:24831 you reached level 22 of The Dungeons of Doom. On T:25705 you wished for "blessed bag of holding". On T:26228 you reached level 23 of The Dungeons of Doom. On T:26283 you advanced to experience level 16. On T:26407 you advanced to experience level 17. On T:26496 you killed Medusa on level 23 of The Dungeons of Doom. On T:26527 you reached level 24 of The Dungeons of Doom. On T:26532 you reached The Castle. On T:27003 you wished for "blessed magic marker". On T:27362 you wished for "blessed spellbook of identify". On T:27414 you advanced to experience level 18. On T:27458 you wished for "blessed tinning kit". On T:27732 you reached The Valley of the Dead. On T:27743 you killed Juiblex in The Valley of the Dead. On T:28253 you wished for "blessed spellbook of cure sickness". On T:28257 you wished for "The Master Key of Thievery". On T:28283 you wished for "the Master Key of Thievery". On T:29597 you advanced to experience level 19. On T:29657 you killed Yeenoghu in The Valley of the Dead. On T:29917 you wished for "blessed spellbook of remove curse". On T:30209 you reached level 2 of Gehennom. On T:30330 you advanced to experience level 20. On T:30616 you reached level 3 of Gehennom. On T:30670 you reached level 5 of Gehennom. On T:30800 you reached level 4 of Gehennom. On T:31064 you reached level 6 of Gehennom. On T:31203 you reached level 7 of Gehennom. On T:31415 you reached level 8 of Gehennom. On T:33107 you reached level 9 of Gehennom. On T:33120 you reached level 10 of Gehennom. On T:33210 you reached level 11 of Gehennom. On T:33277 you reached level 12 of Gehennom. On T:33283 you killed Orcus on level 12 of Gehennom. On T:33740 you wished for "blessed ring of free action". On T:33921 you killed Asmodeus on level 2 of Gehennom. On T:34499 you reached level 13 of Gehennom. On T:34840 you advanced to experience level 21. On T:34998 you reached level 14 of Gehennom. On T:35195 you reached level 15 of Gehennom. On T:35360 you reached level 16 of Gehennom. On T:35554 you reached level 17 of Gehennom. On T:35846 you reached level 18 of Gehennom. On T:36394 you reached level 3 of Vlad's Tower. On T:36524 you reached level 2 of Vlad's Tower. On T:36613 you reached level 1 of Vlad's Tower. On T:36628 you killed Vlad the Impaler on level 1 of Vlad's Tower. On T:37056 you reached level 19 of Gehennom. On T:38826 you advanced to experience level 22. On T:40362 you killed Wizard of Yendor on level 13 of Gehennom. On T:41037 you performed the invocation. On T:41038 you reached level 20 of Gehennom. On T:41450 you advanced to experience level 23. On T:41564 you killed Wizard of Yendor on level 20 of Gehennom. On T:41565 you killed high priest of Moloch on level 20 of Gehennom. On T:41571 you gained the Amulet of Yendor! On T:42200 you killed Wizard of Yendor in The Valley of the Dead. On T:42200 you killed Wizard of Yendor in The Valley of the Dead. On T:42561 you lost the Amulet of Yendor. On T:42562 you gained the Amulet of Yendor! On T:42608 you lost the Amulet of Yendor. On T:42615 you gained the Amulet of Yendor! On T:42651 you lost the Amulet of Yendor. On T:42653 you gained the Amulet of Yendor! On T:42880 you lost the Amulet of Yendor. On T:42881 you gained the Amulet of Yendor! On T:42935 you reached the Plane of Earth. On T:42936 you killed Wizard of Yendor on the Plane of Earth. On T:42937 you killed Wizard of Yendor on the Plane of Earth. On T:42937 you lost the Amulet of Yendor. On T:42939 you killed Wizard of Yendor on the Plane of Earth. On T:42940 you killed Wizard of Yendor on the Plane of Earth. On T:42946 you killed Wizard of Yendor on the Plane of Earth. On T:42948 you killed Wizard of Yendor on the Plane of Earth. On T:42950 you gained the Amulet of Yendor! On T:42957 you lost the Amulet of Yendor. On T:42964 you gained the Amulet of Yendor! On T:43000 you lost the Amulet of Yendor. On T:43014 you gained the Amulet of Yendor! On T:43014 you lost the Amulet of Yendor. On T:43026 you gained the Amulet of Yendor! On T:43028 you lost the Amulet of Yendor. On T:43032 you gained the Amulet of Yendor! On T:43037 you lost the Amulet of Yendor. On T:43040 you gained the Amulet of Yendor! On T:43050 you lost the Amulet of Yendor. On T:43067 you gained the Amulet of Yendor! On T:43078 you lost the Amulet of Yendor. On T:43086 you gained the Amulet of Yendor! On T:43091 you lost the Amulet of Yendor. On T:43093 you gained the Amulet of Yendor! On T:43096 you lost the Amulet of Yendor. On T:43097 you gained the Amulet of Yendor! On T:43098 you lost the Amulet of Yendor. On T:43099 you gained the Amulet of Yendor! On T:43101 you lost the Amulet of Yendor. On T:43103 you gained the Amulet of Yendor! On T:43104 you lost the Amulet of Yendor. On T:43106 you gained the Amulet of Yendor! On T:43108 you lost the Amulet of Yendor. On T:43109 you gained the Amulet of Yendor! On T:43122 you lost the Amulet of Yendor. On T:43123 you gained the Amulet of Yendor! On T:43172 you reached the Plane of Air. On T:43244 you lost the Amulet of Yendor. On T:43265 you killed Wizard of Yendor on the Plane of Air. On T:43265 you killed Wizard of Yendor on the Plane of Air. On T:43273 you gained the Amulet of Yendor! On T:43334 you were saved from death by your amulet of life saving! On T:43336 you lost the Amulet of Yendor. On T:43347 you were saved from death by your amulet of life saving! Score breakdown: Gold: 29793 (15219 points) Experience: 23 levels (26129 points) Exploration: 45 levels (100.00%) (30000 points) Discoveries: 147 items ( 51.58%) (21545 points) Valuables value: (no points given unless you survive) Artifact value: 16000 (14301 points) Variety of kills: 277 monsters ( 72.32%) (25513 points) Turncount: 43360 turns (-4545 points) Survival: died (score multiplied by 80%) Total score: 102529 Latest messages: You hear a rumbling noise. The invisible ki-rin kicks! (2x) The invisible ki-rin butts! The Archon hits! (3x) The blast of acid hits you! Wizard, all your powers will be lost... You hear some noises in the distance. This lump of royal jelly is delicious! You finish eating the lump of royal jelly. The Archon hits! (2x) The powerful blast of frost explodes! You hear a blast. (3x) You hear some noises nearby. The blast of lightning hits you! You don't feel shocked. Its vision quickly clears. You hear a blast. You hear a chugging sound. The invisible ki-rin kicks! You die... Final status: Goodbye QQQQQ the Wizard, killed by an invisible ki-rin... You died in The Elemental Planes with 102529 points, and 29793 pieces of gold, after 43360 moves. You were level 23 with a maximum of 166 hit points when you died.